 Dungeon Sprint DCSS version 0.28-a0-119-ga52ba8600a (webtiles) character file.

Game seed: 5541133445024217503

295 lagrange the Fighter (level 6, -1/62 HPs)
             Began as a Minotaur Berserker on Aug 13, 2021.
             Was a Believer of Trog.
             Slain by Sonja (6 damage)
             ... in the Dungeon (Sprint I: "Red Sonja").
             The game lasted 00:01:46 (317 turns).

lagrange the Fighter (Minotaur Berserker)            Turns: 317, Time: 00:01:47

Health: -1/62      AC:  4    Str: 23    XL:     6   Next: 11%
Magic:  5/5        EV: 14    Int:  4    God:    Trog [**....]
Gold:   297        SH:  0    Dex: 10    Spells: 5/5 levels left

rFire   . . .      SeeInvis .   a - +0 mace
rCold   . . .      Faith    .   (no shield)
rNeg    . . .      Spirit   .   j - +0 leather armour
rPois   .          Reflect  .   (helmet restricted)
rElec   .          Harm     .   (no cloak)
rCorr   .          Rampage  .   (no gloves)
Will    .....      NoTele   +   (no boots)
Stlth   +.........              (no amulet)
HPRegen 0.20/turn               (no ring)
MPRegen 0.09/turn               (no ring)

@: lethally poisoned (-1 -> -4), on berserk cooldown, slowed, very slow
A: horns 2, retaliatory headbutt
a: Renounce Religion, Berserk, Trog's Hand


You were in the Dungeon.
You worshipped Trog.
Trog was pleased with you.
You visited 1 branch You collected 297 gold pieces.

Inventory:

Hand Weapons
 a - a +0 mace (weapon)
Armour
 b - a +0 animal skin
 j - a +0 leather armour (worn)
Wands
 i - a wand of polymorph (3)
Scrolls
 h - a scroll of blinking
Potions
 c - a potion of curing
 d - a potion of heal wounds
 e - 2 potions of haste
 f - 2 potions of magic
 g - a potion of berserk rage


   Skills:
 + Level 8.5 Fighting
 + Level 8.5 Maces & Flails
 + Level 8.1 Armour
 + Level 7.3 Dodging


You had 5 spell levels left.
You didn't know any spells.
Your spell library was empty.

Dungeon Overview and Level Annotations

Branches:
Dungeon (1/1)

Altars:
Sif Muna
Vehumet
Wu Jian

Annotations:
D Sonja


Innate Abilities, Weirdness & Mutations

You have a pair of horns on your head.
You reflexively headbutt those who attack you in melee.


Message History

Sonja casts a spell.
Sonja blinks!
There is an open door here.
You feel very sick.
Sonja throws a curare-tipped dart.
The curare-tipped dart hits you.
You are more poisoned.
You have difficulty breathing.
You feel as though you will be slow longer.
You feel your anger nearly subside.
You feel very sick.
Sonja throws a curare-tipped dart.
The curare-tipped dart hits you.
You are more poisoned.
You have difficulty breathing.
You feel as though you will be slow longer.
There is an open door here.
You are no longer berserk.
You are exhausted.
You feel as though you will be slow longer.
You feel extremely sick.
Sonja says, "If only old Madame Brzewit could see me now!"
Sonja completely misses you. Sonja misses you.
Sonja hits you with a +1 dagger of distortion.
You hit Sonja. Your headbutt misses Sonja.
Sonja is lightly wounded.
You feel extremely sick.
Sonja casts a spell.
Sonja blinks!
Something unseen opens the door.
You feel very sick.
There is an open door here.
You feel very sick.
You close the door.
You feel very sick.
You start resting.
You feel very sick.
Sonja, the Graceful Assassin opens the door.
She is wielding a +1 dagger of distortion and quivering curare-tipped darts.
You feel sick. Sonja hits you but does no damage. Space bends around you.
* * * LOW HITPOINT WARNING * * *
Sonja closely misses you. Sonja completely misses you.
Sonja hits you with a +1 dagger of distortion.
You die...

#<.#..').#..'..#
#..').#..').#..'
#..#####'#####'#
#..# #..#...#.#
##§ #..#
####..##.#≈§§§
#..# ##'#_.+§§§§
#⌠⌠#
+..._#≈§≈.c#
####
#_K#'##+####
##@#.# #.###
+$.$+ #$.$#
##.## #+#


You could see Sonja.

Vanquished Creatures
  Sigmund (D)
  An ogre (D)
  A jelly (D)
  Ijyb (D)
4 creatures vanquished.

Notes
Turn   | Place    | Note
-------+----------+-------------------------------------------
     0 | D        | lagrange the Minotaur Berserker began the quest for the
                  | Orb.
     0 | D        | Reached XP level 1. HP: 19/19 MP: 0/0
     4 | D        | Noticed Ijyb
    17 | D        | Killed Ijyb
    18 | D        | Reached skill level 5 in Fighting
    18 | D        | Reached skill level 5 in Maces & Flails
    18 | D        | Reached XP level 2. HP: 29/29 MP: 1/1
    57 | D        | Noticed an ogre
    64 | D        | Killed an ogre
    65 | D        | Reached skill level 5 in Dodging
    65 | D        | Reached XP level 3. HP: 38/38 MP: 2/2
    65 | D        | Reached XP level 4. HP: 45/45 MP: 3/3
    97 | D        | Noticed Sigmund
   102 | D        | Killed Sigmund
   102 | D        | Reached ** piety under Trog
   103 | D        | Reached XP level 5. HP: 35/53 MP: 4/4
   103 | D        | Reached XP level 6. HP: 40/61 MP: 5/5
   243 | D        | Found an ornate altar of the Wu Jian Council.
   243 | D        | Found a shimmering blue altar of Sif Muna.
   245 | D        | Found a radiant altar of Vehumet.
   261 | D        | Noticed a centaur warrior
   306 | D        | Noticed Sonja
   317 | D        | Slain by Sonja

Illustrated notes

Levels and vault maps discovered:
D:        dungeon_sprint_1 [red_sonja_temple_1, red_sonja_temple_small_1]

Skill      XL: |  1  2  3  4  5  6 |
---------------+-------------------+-----
Fighting       | 5 6 8 |  8.5
Maces & Flails | 5 6 8 |  8.5
Armour         | 4 6 7 8 |  8.1
Dodging        | 3 5 7 |  7.3

Action                   |  1- 3 |  4- 6 || total
-------------------------+-------+-------++-------
Melee: Unarmed           |    11 |       ||    11
       Mace              |     5 |     6 ||    11
       Headbutt          |       |     2 ||     2
Invok: Berserk           |     2 |     1 ||     3
  Use: Scroll            |       |     1 ||     1
Armor: Skin              |     3 |       ||     3
       Leather armour    |       |     1 ||     1
Dodge: Dodged            |     6 |     7 ||    13

Table legend: (Time is in decaauts)
 A = Elapsed time spent in this place.
 B = Non-inter-level travel time spent in this place.
 C = Inter-level travel time spent in this place.
 D = Time resting spent in this place.
 E = Time spent auto-exploring this place.
 F = Levels seen in this place.
 G = Mean time per level.
                   A        B        C        D        E       F      G
               +--------+--------+--------+--------+--------+-----+--------+
         Total |    340 |    340 |      0 |    188 |      0 |   1 |  340.0 |
       Dungeon |    340 |    340 |      0 |    188 |      0 |   1 |  340.0 |
               +--------+--------+--------+--------+--------+-----+--------+

Top non-repeatable levels by time:
       D: 340 daAuts
